 Dungeon Crawl Stone Soup version 0.27-a0-103-g6cd7b45605 (webtiles) character file.

Game seed: 3953333588787238693

4978 vurker the Arsonist (level 10, -5/66 HPs)
             Began as an Octopode Fire Elementalist on Jan 23, 2021.
             Was an Elder of Vehumet.
             Slain by an orc warrior
             ... wielding a +0 trident
              (24 damage)
             ... on level 9 of the Dungeon.
             The game lasted 00:15:09 (10197 turns).

vurker the Arsonist (Octopode Fire Elementalist)   Turns: 10197, Time: 00:15:10

Health: -5/66      AC:  1    Str:  8      XL:     10   Next: 53%
Magic:  19/21      EV: 17    Int: 20      God:    Vehumet [****..]
Gold:   600        SH:  0    Dex: 12 (13) Spells: 12/23 levels left

rFire    . . .     SeeInvis .   q - +1 dagger (elec)
rCold    . . .     Faith    .   (no shield)
rNeg     . . .     Spirit   .   (helmet restricted)
rPois    .         Reflect  .   i - amulet of magic regeneration
rElec    .         Harm     .   x - +4 ring of slaying
rCorr    .         Rampage  .   y - +4 ring of evasion
Will     .....                  (no ring)
Stlth    ++++......             (no ring)
HPRegen  0.21/turn              (no ring)
MPRegen  0.42/turn              (no ring)
                                (no ring)
                                (no ring)

@: no status effects
A: almost no armour, stealthy swim, amphibious, 8 rings, constrict 8, camouflage
1, gelatinous body 1
a: Renounce Religion


You were on level 9 of the Dungeon.
You worshipped Vehumet.
Vehumet was greatly pleased with you.
You visited 2 branches of the dungeon, and saw 10 of its levels.
You also visited: Ossuary.

You collected 600 gold pieces.

Inventory:

Hand Weapons
 q - a +1 dagger of electrocution (weapon)
   (You took it off an orc wizard on level 8 of the Dungeon)
Jewellery
 i - an amulet of magic regeneration (around mantle)
   (You found it on level 1 of the Dungeon)
 x - a +4 ring of slaying (left tentacle)
   (You found it on level 8 of the Dungeon)
 y - a +4 ring of evasion (right tentacle)
   (You found it on level 9 of the Dungeon)
Wands
 c - a wand of disintegration (12)
   (You took it off Psyche on level 9 of the Dungeon)
 d - a wand of iceblast (3)
   (You took it off Ijyb on level 4 of the Dungeon)
 u - a wand of paralysis (7)
   (You found it on level 5 of the Dungeon)
 v - a wand of digging (4)
   (You found it on level 3 of the Dungeon)
Scrolls
 e - a scroll of vulnerability {unknown}
 f - 2 scrolls of remove curse {unknown}
 g - a scroll of amnesia
 h - a scroll of magic mapping
 k - 6 scrolls of fog
 l - 4 scrolls of teleportation {unknown}
 m - a scroll of immolation {unknown}
 o - 2 scrolls of enchant armour {unknown}
 w - a scroll of noise {unknown}
 z - a scroll of brand weapon {unknown}
Potions
 a - a potion of curing
 b - 5 potions of heal wounds
 j - 4 potions of invisibility
 n - a potion of cancellation {unknown}
 p - a potion of brilliance {unknown}
 r - a potion of lignification {unknown}
 s - a potion of magic
 t - a potion of degeneration {unknown}


   Skills:
 + Level 5.2 Fighting
 - Level 2.0 Dodging
 + Level 5.5 Stealth
 * Level 7.4 Spellcasting
 * Level 7.7 Conjurations
 * Level 8.3 Fire Magic
 + Level 3.1 Ice Magic


You had 12 spell levels left.
You knew the following spells:

 Your Spells              Type           Power        Failure   Level
a - Foxfire               Conj/Fire      100%         1%          1
b - Freeze                Ice            76%          1%          1
q - Sticky Flame          Conj/Fire      39%          1%          4
z - Fireball              Conj/Fire      19%          2%          5

Your spell library contained the following spells:

 Spells                   Type           Power        Failure   Level
 Yara's Violent Unravell  Hex/Tmut       3%           50%         5
 Shock                    Conj/Air       92%          1%          1
 Conjure Flame            Conj/Fire      39%          1%          3
 Dazzling Flash           Conj/Hex       46%          1%          3
 Inner Flame              Hex/Fire       24%          1%          3
 Static Discharge         Conj/Air       23%          1%          3
 Iskenderun's Battlesphe  Conj           38%          3%          5
 Ensorcelled Hibernation  Hex/Ice        26%          8%          2
 Bolt of Magma            Conj/Fire/Erth 14%          8%          5
 Corona                   Hex            7%           9%          1
 Lightning Bolt           Conj/Air       11%          13%         5
 Swiftness                Air            7%           14%         2
 Airstrike                Air            3%           22%         4
 Confusing Touch          Hex            7%           26%         3
 Tukima's Dance           Hex            7%           26%         3
 Iron Shot                Conj/Erth      11%          54%         6
 Orb of Destruction       Conj           19%          58%         7
 Spellforged Servitor     Conj/Summ      11%          97%         7


Dungeon Overview and Level Annotations

Branches:
Dungeon (9/15)             Temple (1/1) D:6            Lair (0/6) D:8
Ossuary (visited)
    Orc: D:9-12

Altars:
Elyvilon
Hepliaklqana
Makhleb
Nemelex Xobeh
Okawaru
Qazlal
Uskayaw
Vehumet
Wu Jian
Yredelemnul
The Shining One

Annotations:
D:3 1 runed translucent door, dmks's ghost, amateur GnWz
D:9 3 runed translucent doors, Borgoz's ghost, novice GrBe


Innate Abilities, Weirdness & Mutations

You cannot wear most types of armour.
You are very stealthy in the water. (Stealth+)
You are amphibious.
You can wear up to eight rings at the same time.
You can use your tentacles to constrict eight enemies at once.
Your skin changes colour to match your surroundings (Stealth+).
Your rubbery body absorbs attacks. (AC +1, EV +1)


Message History

Anything else - Cancel.
You shout for attention!
What are your orders? t - Shout!
Orders for allies: a - Attack new target. r - Retreat! s - Stop attacking. g - Guard the area. f - Follow me.
Anything else - Cancel.
You shout for attention!
What are your orders? t - Shout!
Orders for allies: a - Attack new target. r - Retreat! s - Stop attacking. g - Guard the area. f - Follow me.
Anything else - Cancel.
You shout for attention!
Unknown command.
An orc comes into view. It is wielding a +0 dagger.
The orc wizard gestures at you while chanting.
The magic dart hits you.
The orc moves out of view.
There is a large open door here.
You conjure some foxfire!
The orc shouts!
You conjure some foxfire!
The foxfire hits the orc wizard.
The foxfire hits the orc wizard but does no damage.
An orc warrior comes into view. It is wielding a +0 trident.
The foxfire hits the orc.
The orc wizard misses you.
You conjure some foxfire!
The foxfire hits the orc.
You kill the orc!
Vehumet accepts your kill.
You feel your power returning.
The orc wizard hits you with a +0 dagger.
You conjure some foxfire!
The foxfire hits the orc wizard!
The foxfire hits the orc wizard.
The orc warrior hits you from afar with a +0 trident!
The orc wizard closely misses you.
You conjure some foxfire!
The foxfire hits the orc warrior.
The foxfire hits the orc wizard.
You kill the orc wizard!
Vehumet accepts your kill.
The orc warrior hits you from afar with a +0 trident!
You conjure some foxfire!
The orc warrior hits you from afar with a +0 trident!!
* * * LOW HITPOINT WARNING * * *
The foxfire hits the orc warrior but does no damage. x3
You see here a +0 dagger.
Aim: an orc warrior, wielding a +0 trident and wearing a +0 plate armour (lightly wounded)
The mass of ice explodes!
The iceblast engulfs the orc warrior!
The orc warrior hits you from afar with a +0 trident!!
You die...

###.#######....#########.######
...#.....###.#.##...<.........#
###.####.###.#.##.######.####.###
###.# #..........##.............
....# #.###############.####.###
##### #.# #.. .. #.# #.# #.# #.#
.# #.# #.# #.# ###.##..##.#.# #.#
#.# #.'§@..$...### #.# #.#
#.'§§."....# ###
#.####.#o##..##.# #......#.# ..#
##.)! #.######.. ... Z...
#.############## ##.(.
#..........###########Z.WZ
##.....>...<.#.......###++
#.####......#............


You could see an orc warrior.

Vanquished Creatures
  Pikel (D:5)
  Psyche (D:9)
  A troll (D:9)
  Sigmund (D:2)
  A wyvern (D:9)
  A water moccasin (D:9)
  2 orc warriors
  A necrophage (D:8)
  3 ogres
  2 centaurs
  2 phantoms
  A lemure (D:5)
  An elf zombie (D:8)
  A big kobold (D:8)
  4 bullfrogs
  7 scorpions
  A troll zombie (D:8)
  13 wights
  3 howler monkeys
  A bullfrog zombie (D:7)
  A centaur zombie (Ossuary)
  3 hounds
  5 human zombies
  A jelly (D:9)
  A quasit (D:9)
  2 centaur skeletons (D:5)
  4 orc priests
  A bullfrog skeleton (D:4)
  A human skeleton (D:8)
  Ijyb (D:4)
  7 orc wizards
  4 worker ants
  An ogre zombie (D:8)
  A big kobold zombie (Ossuary)
  3 hound zombies (Ossuary)
  3 mummies (Ossuary)
  A worker ant zombie (D:7)
  A howler monkey skeleton (D:9)
  8 adders
  A white imp (D:8)
  3 ufetubi
  5 adder zombies (Ossuary)
  An adder skeleton (D:9)
  A worm (D:3)
  2 dart slugs (D:1)
  5 leopard geckos
  27 orcs
  11 bats
  6 giant cockroaches
  4 goblins
  4 hobgoblins
  8 jackals
  A quokka (D:8)
  6 frilled lizards
  4 gnoll zombies (Ossuary)
  A goblin zombie (Ossuary)
  2 hobgoblin zombies (Ossuary)
  7 jackal zombies (Ossuary)
  15 kobolds
  3 kobold zombies (Ossuary)
  An orc skeleton (D:8)
  An orc zombie (Ossuary)
  3 quokka zombies (Ossuary)
  8 rats
  4 rat zombies (Ossuary)
231 creatures vanquished.

Vanquished Creatures (collateral kills)
  29 foxfires
29 creatures vanquished.

Vanquished Creatures (others)
  938 foxfires
  6 fungi (D:8)
944 creatures vanquished.

Grand Total: 1204 creatures vanquished

Notes
Turn   | Place    | Note
-------+----------+-------------------------------------------
     0 | D:1      | vurker the Octopode Fire Elementalist began the quest for
                  | the Orb.
     0 | D:1      | Reached XP level 1. HP: 11/11 MP: 3/3
   290 | D:1      | Reached XP level 2. HP: 17/17 MP: 1/5
   737 | D:1      | Reached XP level 3. HP: 20/22 MP: 0/6
  1360 | D:2      | Noticed Sigmund
  1371 | D:2      | Killed Sigmund
  1372 | D:2      | Reached skill level 1 in Fighting
  1372 | D:2      | Reached skill level 4 in Fire Magic
  1372 | D:2      | Reached XP level 4. HP: 21/28 MP: 0/8
  1372 | D:2      | Reached XP level 5. HP: 25/33 MP: 0/9
  1535 | D:2      | Found an iron altar of Okawaru.
  2278 | D:3      | Noticed dmks's ghost (amateur GnWz)
  2279 | D:3      | Found a runed translucent door.
  2355 | D:3      | Learned a level 4 spell: Sticky Flame
  2361 | D:3      | Learned a level 5 spell: Fireball
  2654 | D:4      | Noticed a phantom
  2676 | D:3      | Killed a phantom
  2677 | D:3      | Reached XP level 6. HP: 37/39 MP: 4/11
  2786 | D:4      | Noticed a phantom
  2801 | D:4      | Killed a phantom
  2828 | D:4      | Noticed Ijyb
  2846 | D:4      | Killed Ijyb
  3014 | D:4      | Reached XP level 7. HP: 45/45 MP: 8/13
  3032 | D:4      | Found a sparkling altar of Nemelex Xobeh.
  3086 | D:4      | Found a hazy altar of Hepliaklqana.
  3088 | D:4      | Found a hide-covered altar of Uskayaw.
  3089 | D:4      | Found a white marble altar of Elyvilon.
  3195 | D:4      | Reached skill level 5 in Fire Magic
  3689 | D:5      | Entered Level 5 of the Dungeon
  3934 | D:5      | Noticed Pikel
  4008 | D:5      | Killed Pikel
  4009 | D:5      | Reached skill level 5 in Spellcasting
  4009 | D:5      | Reached skill level 5 in Conjurations
  4009 | D:5      | Reached XP level 8. HP: 26/52 MP: 12/15
  4259 | D:5      | Reached skill level 6 in Fire Magic
  5261 | D:6      | Found a staircase to the Ecumenical Temple.
  5275 | Temple   | Entered the Ecumenical Temple
  5292 | Temple   | Became a worshipper of Vehumet
  5629 | D:6      | Found an ornate altar of the Wu Jian Council.
  6042 | D:7      | Reached XP level 9. HP: 58/58 MP: 15/17
  6268 | D:7      | Reached * piety under Vehumet
  6268 | D:7      | Offered knowledge of Freeze by Vehumet.
  6743 | D:7      | Learned a level 1 spell: Freeze
  6758 | D:8      | Found an iron altar of Okawaru.
  6989 | D:8      | Found a staircase to the Lair.
  7004 | D:8      | Found a sand-covered staircase.
  7009 | Ossuary  | Entered an ossuary
  7171 | Ossuary  | Reached ** piety under Vehumet
  7180 | Ossuary  | Offered knowledge of Shock by Vehumet.
  7205 | Ossuary  | Reached skill level 7 in Fire Magic
  7475 | Ossuary  | Reached skill level 1 in Ice Magic
  7552 | D:8      | Offered knowledge of Searing Ray by Vehumet.
  7758 | D:8      | Reached *** piety under Vehumet
  7900 | D:8      | Offered knowledge of Frozen Ramparts by Vehumet.
  7998 | D:8      | Found the +7 Singing Sword {vorpal, sonic wave}
  8268 | D:8      | Found a basalt altar of Yredelemnul.
  8275 | D:8      | Reached **** piety under Vehumet
  8649 | D:8      | Reached XP level 10. HP: 65/65 MP: 20/20
  8983 | D:9      | Found a runed translucent gate.
  8983 | D:9      | Found a runed translucent gate.
  8983 | D:9      | Found a runed translucent gate.
  9004 | D:9      | Noticed a spectral centaur warrior
  9031 | D:9      | Offered knowledge of Yara's Violent Unravelling by Vehumet.
  9040 | D:9      | Noticed Psyche
  9045 | D:9      | Killed Psyche
  9046 | D:9      | Reached skill level 5 in Fighting
  9046 | D:9      | Reached skill level 5 in Stealth
  9046 | D:9      | Reached skill level 8 in Fire Magic
  9175 | D:9      | Noticed Borgoz's ghost (novice GrBe)
 10197 | D:9      | Slain by an orc warrior

Illustrated notes

Levels and vault maps discovered:
D:1:      dpeg_arrival_prison, layout_loops_ring, serial_bayou_lake_a
D:2:      layout_loops_corners, nicolae_overflow_hidden_temple, uniq_sigmund
D:3:      layout_rooms, hellmonk_ghost_happy_afterlife
D:4:      layout_layer_cave, chequers_temple_overflow_statue_of_worship,
          nemelex_xobeh_ov_fountains_minmay, st_stairs_10, minmay_cupped,
          uniq_ijyb
D:5:      layout_cave_pods, nrook_pool_corridor, item_on_display_b, uniq_pikel
D:6:      layout_gridville, pdpol_wu_jian_five_deadly_venoms,
          minmay_temple_entry_mini_moons
D:7:      layout_basic
D:8:      old_forge, layout_loops_ring, lair_entry_dummy,
          nicolae_ossuary_entry_ruins, basic_altar,
          lemuel_mausoleum_altar_yredelemnul
D:9:      layout_loops_ring, gammafunk_ghost_necromancy,
          kennysheep_generic_room_5, uniq_psyche
Temple:   nicolae_temple_elliptical

Skill      XL: |  1  2  3  4  5  6  7  8  9 10 |
---------------+-------------------------------+-----
Fighting       | 1 2 3 4 5 |  5.2
Spellcasting   | 3 4 5 6 7 |  7.4
Conjurations   | 2 3 5 7 |  7.7
Fire Magic     | 4 5 6 7 8 |  8.3
Stealth        | 4 5 |  5.5
Ice Magic      | 2 3 |  3.1
Dodging        | |  2.0

Action                   |  1- 3 |  4- 6 |  7- 9 | 10-12 || total
-------------------------+-------+-------+-------+-------++-------
Melee: Unarmed           |     5 |       |       |       ||     5
       Short sword       |    17 |     8 |       |       ||    25
       Constrict         |     6 |     6 |    10 |     2 ||    24
       Tentacles         |     2 |     3 |     6 |     2 ||    13
       Dagger            |       |     7 |    18 |    11 ||    36
       Double sword      |       |       |    18 |     1 ||    19
 Cast: Foxfire           |    61 |    88 |   396 |    81 ||   626
       Sticky Flame      |       |       |    25 |    18 ||    43
Evoke: Wand              |       |       |     2 |     3 ||     5
  Use: Scroll            |       |       |     9 |       ||     9
       Potion            |       |       |       |     1 ||     1
 Stab: Sleeping          |     1 |     2 |     9 |     2 ||    14
       Paralysed         |       |       |       |     2 ||     2
Armor: Skin              |     1 |     4 |     5 |     2 ||    12
Dodge: Dodged            |    19 |    12 |    68 |    32 ||   131
       Rpst.: Double sword |       |       |     4 |       ||     4

Table legend: (Time is in decaauts)
 A = Elapsed time spent in this place.
 B = Non-inter-level travel time spent in this place.
 C = Inter-level travel time spent in this place.
 D = Time resting spent in this place.
 E = Time spent auto-exploring this place.
 F = Levels seen in this place.
 G = Mean time per level.
                   A        B        C        D        E       F      G
               +--------+--------+--------+--------+--------+-----+--------+
         Total |  10210 |   9914 |    296 |    601 |   7751 |  11 |  928.2 |
       Dungeon |   9676 |   9395 |    281 |    601 |   7403 |   9 | 1075.1 |
        Temple |     33 |     18 |     15 |      0 |     15 |   1 |   33.0 |
       Ossuary |    499 |    499 |      0 |      0 |    333 |   1 |  499.0 |
               +--------+--------+--------+--------+--------+-----+--------+

Top non-repeatable levels by time:
     D:8: 1909 daAuts
     D:1: 1325 daAuts
     D:5: 1260 daAuts
     D:4: 1152 daAuts
     D:9: 1051 daAuts
     D:7: 901 daAuts
     D:2: 872 daAuts
     D:6: 671 daAuts
     D:3: 531 daAuts
 Ossuary: 499 daAuts
  Temple: 33 daAuts
